 Dungeon Crawl Stone Soup version 0.19-a0-1401-g902f63d (webtiles) character file.

246 st0uf the Digger (level 6, 0/32 HPs)
             Began as a Gargoyle Earth Elementalist on Sept 4, 2016.
             Slain by Duvessa
             ... wielding a +0 rapier
              (5 damage)
             ... on level 3 of the Dungeon.
             The game lasted 00:15:05 (4099 turns).

st0uf the Digger (Gargoyle Earth Elementalist)      Turns: 4099, Time: 00:15:06

Health: 0/32       AC:  8    Str: 11    XL:     6   Next: 11%
Magic:  3/12       EV: 12    Int: 18    God:
Gold:   188        SH:  0    Dex: 10    Spells: 2 memorised, 9 levels left

rFire  . . .     SeeInvis .     b - 90 stones
rCold  . . .     Gourm    .     c - +0 robe
rNeg   + . .     Faith    .     (no shield)
rPois  ∞         Spirit   .     h - +0 helmet
rElec  +         Dismiss  +     (no cloak)
rCorr  .         Reflect  .     (no gloves)
MR     .....     Harm     .     w - +0 pair of boots
Stlth  +.........               I - amulet of dismissal
                                (no ring)
                                a - ring of loudness (curse)

@: very slightly contaminated, invisible
A: negative energy resistance 1, electricity resistance, unbreathing,
petrification resistance, rot immunity, AC +4
a: no special abilities


You were on level 3 of the Dungeon.
You were not hungry.

You visited 1 branch of the dungeon, and saw 4 of its levels.

You collected 188 gold pieces.

Inventory:

Hand Weapons
 q - a +2 flail of holy wrath
Missiles
 b - 90 stones (in hand)
 g - a throwing net
Armour
 c - a +0 robe (worn)
 h - a +0 helmet (worn)
 w - a +0 pair of boots (worn)
 y - a +0 buckler
Jewellery
 a - a cursed ring of loudness (left hand)
 I - an amulet of dismissal (around neck)
Scrolls
 j - 2 scrolls of recharging
 z - a scroll of fog
 D - a scroll of immolation
 E - a scroll of identify
Potions
 i - a potion of mutation {unknown}
 n - a potion of might {unknown}
 o - a potion of magic {unknown}
 s - a potion of heal wounds {unknown}
 u - a potion of brilliance {unknown}
 v - a potion of cancellation {unknown}
 C - a potion of haste {unknown}
 F - a potion of degeneration {unknown}
 G - a potion of cure mutation {unknown}
Books
 e - a book of Geomancy

   Spells                             Type                      Level
   a - Sandblast                      Earth                        1
   b - Passwall                       Transmutation/Earth          2
   c - Stone Arrow                    Conjuration/Earth            3
   d - Petrify                        Transmutation/Earth          4
   e - Lee's Rapid Deconstruction     Earth                        5
Comestibles
 d - 3 bread rations
 k - a slice of pizza
 l - 6 chunks of flesh
 m - 2 meat rations
 H - 4 fruits


   Skills:
 - Level 1.5 Dodging
 - Level 2.1 Stealth
 * Level 4.3 Spellcasting
 + Level 2.4 Conjurations
   Level 0.7 Transmutations
 + Level 5.2 Earth Magic


You had 9 spell levels left.
You knew the following spells:

 Your Spells              Type           Power        Failure   Level  Hunger
a - Sandblast             Erth           ###...       1%          1    None
b - Stone Arrow           Conj/Erth      ###...       12%         3    ###....


Dungeon Overview and Level Annotations

Branches:
Dungeon (4/15)
 Temple: D:4-7

Altars:
Fedhas
Kikubaaqudgha
Yredelemnul

Annotations:
D:3 Duvessa


Innate Abilities, Weirdness & Mutations

You are resistant to torment.
Your stone body is resilient. (AC +4)
You are immune to poison.
You resist negative energy. (rN+)
You are resistant to electric shocks. (rElec)
You can survive without breathing.
You are immune to petrification.
You are immune to rotting.


Message History

Duvessa goes berserk!
You have reached level 6!
Your experience leads to an increase in your attributes!
Increase (S)trength, (I)ntelligence, or (D)exterity?
You feel clever. Duvessa hits you with a rapier!
Okay, then.
You fade into invisibility!
Duvessa hits you with a rapier.
* * * LOW HITPOINT WARNING * * *
You are very lightly contaminated with residual magic.
Duvessa barely misses you.
Duvessa rages.
Duvessa hits you but does no damage.
There is an escape hatch in the ceiling here.
You hear a shout!
Duvessa closely misses you. Duvessa closely misses you.
Duvessa hits you with a rapier.
You die...

..##.# ##...#.#...#..#....#
#.##.# #..#.............###
#.##.# #....#......##...#
#.##.# #.#.##...........##
#.##.# #.#.##.#...#..#...#
#.##e####.#.##.#..........##
#.##>e.##.#.##....#....#...#
#.####.##.#......e.........#
#.# #)##.####..@#......#..#
#.# #.##.# #<#...........#
#.# #.##.# #.#.##.###..#.#
#.# #.##.####.#.##.# ##...#
..# #.##...##.#.##.# #.###
### #.####.......#.####.#
###.###.)..P.P........#
#.......#..._....)..###
#.e........P.P..###..#


You could see Duvessa (berserk).

Vanquished Creatures
  Dowan (D:3)
  A hound (D:4)
  An orc wizard (D:3)
  6 adders
  2 oozes
  An adder skeleton (D:4)
  A worm (D:2)
  2 dart slugs
  A giant gecko (D:1)
  2 orcs (D:3)
  3 bats
  10 goblins
  8 hobgoblins
  4 jackals (D:1)
  9 kobolds
  4 ball pythons
  6 giant newts
  4 rats
66 creatures vanquished.

Notes
Turn   | Place    | Note
-------+----------+-------------------------------------------
     0 | D:1      | st0uf the Gargoyle Earth Elementalist began the quest for the Orb.
     0 | D:1      | Reached XP level 1. HP: 10/10 MP: 3/3
   216 | D:1      | Reached XP level 2. HP: 12/15 MP: 0/5
   363 | D:1      | Reached skill level 4 in Earth Magic
   980 | D:1      | Reached XP level 3. HP: 18/19 MP: 4/7
  1351 | D:1      | Learned a level 3 spell: Stone Arrow
  2001 | D:2      | Reached XP level 4. HP: 20/24 MP: 0/8
  2149 | D:2      | Reached skill level 1 in Conjurations
  2519 | D:2      | Found a blossoming altar of Fedhas.
  3075 | D:3      | Reached XP level 5. HP: 28/28 MP: 6/10
  3098 | D:3      | Found a basalt altar of Yredelemnul.
  3820 | D:4      | Reached skill level 5 in Earth Magic
  3853 | D:4      | Found an ancient bone altar of Kikubaaqudgha.
  3866 | D:4      | Noticed Dowan
  3867 | D:4      | Noticed Duvessa
  4089 | D:3      | Killed Dowan
  4089 | D:3      | Reached XP level 6. HP: 18/32 MP: 2/12
  4099 | D:3      | Slain by Duvessa

Vault maps used:
D:1:      eino_arrival_water_cross, hangedman_decor_points
D:2:      kennysheep_the_goblin_king, marbit_many_paths
D:3:      yredelemnul_altar_generic, moated_statue, eino_tiny_chamber,
          minivault_19, minmay_misc_feat_more_columns, st_stairs_4
D:4:      kiku_gazebo_pond_becter, uniq_duvessa

Skill      XL: |  1  2  3  4  5 |
---------------+----------------+-----
Earth Magic    | 4 5 |  5.2
Spellcasting   | 3 4 |  4.3
Conjurations   | 1 2 |  2.4
Dodging        | |  1.5
Stealth        | |  2.1
Transmutations | |  0.7

Action                   |  1- 3 |  4- 6 || total
-------------------------+-------+-------++-------
Melee: Unarmed           |    34 |       ||    34
 Cast: Sandblast         |    71 |    44 ||   115
       Stone Arrow       |     2 |    18 ||    20
  Use: Scroll            |       |    12 ||    12
       Potion            |       |     1 ||     1
  Eat: Chunk             |     4 |     8 ||    12
Armor: Robe              |    17 |    10 ||    27
Dodge: Dodged            |    44 |    16 ||    60
